 Dungeon Crawl Stone Soup version 0.31.0 (webtiles) character file.

Game seed: 6458909670282263294

30 qw the Shooter (level 3, -1/21 HPs)
             Began as a Gargoyle Hunter on Jan 20, 2024.
             Slain by a goblin
             ... wielding a +0 dagger
             ... led by Robin
              (2 damage)
             ... on level 2 of the Dungeon.
             The game lasted 00:00:03 (842 turns).

qw the Shooter (Gargoyle Hunter)                     Turns: 842, Time: 00:00:04

Health: -1/21      AC:  8    Str: 14    XL:     3   Next: 20%
Magic:  3/3        EV: 10    Int:  9    God:
Gold:   52         SH:  0    Dex: 15    Spells: 2/2 levels left

rFire   . . .        a - +0 shortbow
rCold   . . .        (shield currently unavailable)
rNeg    + . .        i - +0 ring mail
rPois   inf          (no helmet)
rElec   +            (no cloak)
rCorr   .            (no gloves)
SInv    .            (no boots)
Will    .....        (no amulet)
Stlth   +            (no ring)
HPRegen 0.23/turn    (no ring)
MPRegen 0.08/turn

%: no passive effects
@: no status effects
A: sickness immunity, AC +3, negative energy resistance 1, electricity
resistance, torment resistance 1, petrification resistance
a: no special abilities


You were on level 2 of the Dungeon.
You visited 1 branch of the dungeon, and saw 2 of its levels.

You collected 52 gold pieces.


Innate Abilities, Weirdness & Mutations

You are immune to sickness and miasma.
Your stone body is resilient. (AC +3)
You are immune to poison.
You resist negative energy. (rN+)
You are resistant to electric shocks. (rElec)
You are resistant to unholy torment.
You are immune to petrification.


   Skills:
 - Level 2.1 Fighting
 + Level 4.8 Ranged Weapons
 - Level 1.1 Armour
 - Level 1.5 Dodging
 - Level 1.1 Stealth


You had 2 spell levels left.
You didn't know any spells.
Your spell library was empty.

Inventory:

Hand Weapons
 a - a +0 shortbow (weapon)
Armour
 i - a +0 ring mail (worn)
Potions
 f - a potion of heal wounds
 h - a potion of degeneration {unknown}

Dungeon Overview and Level Annotations

Branches:
Dungeon (2/15)

Altars:

Annotations:
D:2 Robin


Message History

The arrow hits the ball python.
The ball python is heavily wounded.
The goblin hits you but does no damage.
You shoot an arrow. The arrow barely misses the goblin.
The arrow closely misses the ball python.
The goblin hits you but does no damage. The goblin barely misses you.
Robin throws the goblin at you!
You shoot an arrow. The arrow closely misses the goblin.
The goblin hits you but does no damage. x2
A hobgoblin comes into view.
The goblin hits you but does no damage.
You shoot an arrow. The arrow hits the goblin.
The goblin is heavily wounded.
The goblin hits you with a +0 dagger.
A goblin comes into view. It is wielding a +0 club.
A hobgoblin comes into view.
The goblin misses you. The goblin closely misses you.
Robin hits you but does no damage. The goblin closely misses you.
The goblin hits you but does no damage. The goblin hits you with a +0 dagger.
The goblin hits you but does no damage. x2
Robin roars a battlecry!
The goblins go into a battle-frenzy!
The goblin shouts!
You shoot an arrow. The arrow closely misses the goblin.
The goblin barely misses you.
The goblin hits you but does no damage. x2
The goblin barely misses you. The goblin closely misses you.
Robin hits you but does no damage. The ball python bites you.
The ball python closely misses you.
You shoot an arrow. The arrow hits the goblin.
You kill the goblin!
The ball python barely misses you. The ball python closely misses you.
The goblin hits you with a +0 dagger. x2
The goblin hits you but does no damage. The goblin barely misses you.
Robin throws the goblin at you!
You shoot an arrow. The arrow hits the ball python.
You kill the ball python!
The goblin barely misses you. x2
Robin hits you from afar with a +0 spear.
The goblin hits you but does no damage.
The goblin hits you with a +0 dagger. x2
You die...

............ ......
...#.#........). ......
.#.............. ......
#)...............
..!.%.##................
...g.#................
.g)gg...............
#.g)...............
.###.#g@g..........<.#..
...%...gg....!.....#####
#####.##.............#
.........[.......##.##
####...#.#####.#..#..##
#...##.# #.##......
..... ..# #.####.#..
.........# #.#.......
.........# #...######


You could see Robin, 2 hobgoblins and 6 goblins.

Vanquished Creatures
  A dart slug (D:2)
  2 endoplasms (D:1)
  A giant cockroach (D:1)
  5 goblins
  4 hobgoblins
  A quokka (D:2)
  4 ball pythons
  4 bats
  2 frilled lizards
  A rat (D:2)
25 creatures vanquished.

Notes
Turn   | Place    | Note
-------+----------+-------------------------------------------
     0 | D:1      | qw the Gargoyle Hunter began the quest for the Orb.
     0 | D:1      | Reached XP level 1. HP: 12/12 MP: 1/1
     0 | D:1      | 0 ||| qw: Version: 0.3-a-132-g3d54051
     0 | D:1      | 0 ||| qw: Game counter: 456
     0 | D:1      | 0 ||| qw: Melee chars always use a shield: true
     0 | D:1      | 0 ||| qw: God list: Okawaru
     0 | D:1      | 0 ||| qw: Allow faded altars: false
     0 | D:1      | 0 ||| qw: Do Orc after clearing Dungeon:15 true
     0 | D:1      | 0 ||| qw: Do second Lair branch before Depths: true
     0 | D:1      | 0 ||| qw: Lair rune preference: random
     0 | D:1      | 0 ||| qw: Goals: Normal
     0 | D:1      | 0 ||| PLANNING D:1-11
   569 | D:1      | Reached XP level 2. HP: 17/17 MP: 2/2
   655 | D:1      | 655 ||| UPGRADING to +0 ring mail.
   665 | D:1      | 665 ||| DROPPING +0 leather armour.
   666 | D:1      | 666 ||| READING scroll labelled GIFFEUTOXU.
   667 | D:1      | 667 ||| READING 2 scrolls labelled ICKIKHLE MAYR.
   667 | D:1      | 667 ||| IDENTIFYING viscous brown potion
   668 | D:1      | 668 ||| READING scroll of identify.
   668 | D:1      | 668 ||| IDENTIFYING sapphire potion
   669 | D:1      | 669 ||| DROPPING scroll of butterflies.
   670 | D:1      | 670 ||| DROPPING potion of attraction.
   689 | D:2      | 689 ||| STAIRDANCE
   711 | D:2      | 711 ||| STAIRDANCE
   733 | D:2      | 733 ||| STAIRDANCE
   748 | D:2      | Reached skill level 1 in Armour
   828 | D:2      | Reached XP level 3. HP: 21/21 MP: 3/3
   832 | D:2      | Noticed Robin
   842 | D:2      | HP: 3/21 [Robin/+0 spear (4)]
   842 | D:2      | HP: 1/21 [goblin/+0 dagger[Robin] (2)]
   842 | D:2      | Slain by a goblin

Levels and vault maps discovered:
D:1:      nzn_arrival_settlement, layout_basic
D:2:      layout_rooms, shapermc_ecumenical_altar_mp_urbaneastern, uniq_robin,
          uniq_jessica

Skill      XL: |  1  2 |
---------------+-------+-----
Armour         | 1 |  1.1
Fighting       | |  2.1
Ranged Weapons | |  4.8
Dodging        | |  1.5
Stealth        | |  1.1

Action                     || total
---------------------------++-------
   Fire: Shortbow          ||    66
    Use: Scroll            ||     3
 Armour: Leather armour    ||     2
         Ring mail         ||    54
  Dodge: Dodged            ||    41

Table legend:
 A = Non-vault XP
 B = Vault XP
 C = Vault XP percentage of total XP
 D = Non-vault monster count
 E = Vault monster count
 F = Vault count percentage of total count
                 A         B        C        D         E       F
            +---------+---------+-------+---------+---------+-------
      Total |      38 |       8 |  17.4 |      21 |       4 |  16.0
            +---------+---------+-------+---------+---------+-------
        D:1 |      19 |       0 |   0.0 |      11 |       0 |   0.0
        D:2 |      19 |       8 |  29.6 |      10 |       4 |  28.6
            +---------+---------+-------+---------+---------+-------
